 Dungeon Sprint DCSS version 0.21-a0-94-gdd6ab6a (webtiles) character file.

356 Kidiri the Covert (level 6, -6/31 HPs)
             Began as a Spriggan Enchanter on July 1, 2017.
             Was a Believer of Dithmenos.
             Killed by static electricity
             ... invoked by an insubstantial wisp
              (7 damage)
             ... in the Dungeon (Sprint V: "Ziggurat Sprint").
             The game lasted 00:02:03 (188 turns).

Kidiri the Covert (Spriggan Enchanter)               Turns: 188, Time: 00:02:04

Health: -6/31      AC:  2    Str:  4    XL:     6   Next: 36%
Magic:  3/16       EV: 26    Int: 17    God:    Dithmenos [**....]
Gold:   0          SH: 11    Dex: 30    Spells: 5/17 levels left

rFire    . . .     SeeInvis +   K - +5 dagger
rCold    . . .     Gourm    .   J - +3 buckler
rNeg     . . .     Faith    .   b - +0 robe
rPois    .         Spirit   .   (helmet restricted)
rElec    .         Reflect  .   (no cloak)
rCorr    .         Harm     .   (gloves unavailable)
MR       +....     NoTele   +   (boots unavailable)
Stlth    ++++++++..             (no amulet)
HPRegen  0.10/turn              y - +6 ring of dexterity
MPRegen  0.15/turn              z - +6 ring of dexterity

@: very slightly contaminated, wreathed by umbra, very quick
A: unfitting armour, see invisible, herbivore 3, speed 3, slow metabolism 2
a: Shadow Step, Renounce Religion


You were in the Dungeon.
You worshipped Dithmenos.
Dithmenos was pleased with you.
You were not hungry.

You visited 1 branch

Inventory:

Hand Weapons
 K - a +5 dagger (weapon)
 L - a +5 quick blade
 M - a +5 rapier
Armour
 b - a +0 robe (worn)
 I - +5 gold dragon scales
 J - a +3 buckler (worn)
Jewellery
 y - a +6 ring of dexterity (left hand)
 z - a +6 ring of dexterity (right hand)
 A - a +6 ring of intelligence
 B - a +6 ring of intelligence
 C - a +6 ring of strength
 D - a +6 ring of strength
Wands
 E - a wand of disintegration (7/24)
 F - a wand of iceblast (5/15)
 G - a wand of lightning (5/15)
 H - a wand of acid (5/15)
Scrolls
 j - 4 scrolls of blinking
 q - 4 scrolls of amnesia
 r - 3 scrolls of recharging
 s - 7 scrolls of fog
 t - a scroll of holy word
 u - 5 scrolls of identify
 v - 5 scrolls of remove curse
 w - 2 scrolls of fear
Potions
 e - 10 potions of curing
 f - 9 potions of heal wounds
 g - 6 potions of haste
 h - 7 potions of magic
 i - 3 potions of berserk rage
 k - 2 potions of brilliance
 l - 2 potions of invisibility
 m - 4 potions of resistance
 o - 5 potions of agility
 p - 5 potions of might
Books
 c - a book of Maledictions

   Spells                             Type                      Level
   a - Corona                         Hexes                        1
   b - Ensorcelled Hibernation        Hexes/Ice                    2
   c - Confuse                        Hexes                        3
   d - Tukima's Dance                 Hexes                        3
   e - Dazzling Spray                 Conjuration/Hexes            3
Comestibles
 d - 5 bread rations
 x - 42 fruits


   Skills:
 + Level 2.3 Fighting
 * Level 5.0 Short Blades
 + Level 2.1 Armour
 * Level 7.2 Dodging
 * Level 13.7 Stealth
 + Level 2.1 Shields
 * Level 6.1 Spellcasting
 + Level 5.2 Hexes
 + Level 2.9 Invocations
 + Level 3.7 Evocations


You had 5 spell levels left.
You knew the following spells:

 Your Spells              Type           Power        Failure   Level  Hunger
a - Corona                Hex            ###....      1%          1    None
b - Ensorcelled Hibernat  Hex/Ice        ##....       9%          2    None
c - Confuse               Hex            ###.....     6%          3    ##.....
d - Tukima's Dance        Hex            ###.....     6%          3    ##.....
e - Dazzling Spray        Conj/Hex       ##....       19%         3    ##.....


Dungeon Overview and Level Annotations

Branches:
Dungeon (1/1)

Altars:
Ashenzari
Cheibriados
Dithmenos
Elyvilon
Fedhas
Gozag
Hepliaklqana
Kikubaaqudgha
Makhleb
Nemelex Xobeh
Okawaru
Qazlal
Ru
Sif Muna
Trog
Uskayaw
Vehumet
Wu Jian
Xom
Yredelemnul
Zin
The Shining One
Beogh
Jiyva
Lugonu

Annotations:
D 1 transporter


Innate Abilities, Weirdness & Mutations

You are very small and have problems with some larger weapons.
You are too small for most types of armour.
You have supernaturally acute eyesight. (SInv)
You are a herbivore.
You cover ground extremely quickly.
You need consume almost no food.


Message History

The spray of energy hits the air elemental.
The air elemental is lightly damaged.
The spray of energy hits the insubstantial wisp.
The spray of energy misses the insubstantial wisp.
The air elemental closely misses you. You block the air elemental's attack.
The insubstantial wisp closely misses you.
You block the insubstantial wisp's attack.
The insubstantial wisp completely misses you.
Casting: Dazzling Spray
Confirm with . or Enter, or press ? or * to list all spells.
Aiming: Dazzling Spray
Press: ? - help, Shift-Dir - straight line, f - insubstantial wisp, p - air elemental
Aim: an insubstantial wisp (umbra)
You miscast Dazzling Spray.
Your skin glows momentarily.
You block the air elemental's attack. The air elemental hits you!
* * * LOW HITPOINT WARNING * * *
You block the insubstantial wisp's attack.
The insubstantial wisp thrums sharply.
You are struck by lightning.
You die...

▓▓▓▓▓▓▓▓▓▓▓▓▓▓▓▓▓▓▓
▓.8©8.▓.8©8.▓.8©8.▓
▓.)=).▓.||}.▓.....▓
▓..:..▓.....▓.).".▓
▓vEv..▓.....▓.....▓
▓v@...▓.....▓.....▓
▓.....▓.....▓.....▓
▓.....▓.....▓▓▓▓▓▓▓
▓▓▓▓▓▓▓▓▓▓▓▓▓


You could see an air elemental and 3 insubstantial wisps.

Vanquished Creatures
  2 hell hounds (D)
  An eye of draining (D)
  2 jellies (D)
5 creatures vanquished.

Vanquished Creatures (others)
  A spatial maelstrom (D)
1 creature vanquished.

Grand Total: 6 creatures vanquished

Notes
Turn   | Place    | Note
-------+----------+-------------------------------------------
     0 | D        | Kidiri the Spriggan Enchanter began the quest for the Orb.
     0 | D        | Reached XP level 1. HP: 9/9 MP: 5/5
     0 | D        | Found a deep blue altar of Sif Muna.
     0 | D        | Found a sacrificial altar of Ru.
     0 | D        | Found a bloodstained altar of Trog.
     0 | D        | Found a stormy altar of Qazlal.
     0 | D        | Found an iron altar of Okawaru.
     0 | D        | Found a sparkling altar of Nemelex Xobeh.
     0 | D        | Found a blossoming altar of Fedhas.
     2 | D        | Found a transporter.
     2 | D        | Found an ancient bone altar of Kikubaaqudgha.
     2 | D        | Found a viscous altar of Jiyva.
     2 | D        | Found a corrupted altar of Lugonu.
     2 | D        | Found a hazy altar of Hepliaklqana.
     2 | D        | Found a burning altar of Makhleb.
     2 | D        | Found an opulent altar of Gozag.
     6 | D        | Banished a spatial maelstrom
    60 | D        | Became a worshipper of Dithmenos the Shadowed
    61 | D        | Reached skill level 12 in Stealth
    61 | D        | Reached XP level 2. HP: 13/13 MP: 6/6
    65 | D        | Learned a level 2 spell: Ensorcelled Hibernation
    84 | D        | Entered arena 2.
    84 | D        | Noticed a hell hound
    84 | D        | Noticed a hell hound
    84 | D        | Found a transporter.
    87 | D        | Killed a hell hound
    87 | D        | Reached skill level 1 in Fighting
    87 | D        | Reached skill level 1 in Armour
    87 | D        | Reached skill level 1 in Shields
    87 | D        | Reached skill level 1 in Invocations
    87 | D        | Reached XP level 3. HP: 18/18 MP: 6/9
    87 | D        | Reached XP level 4. HP: 22/22 MP: 7/11
    88 | D        | Killed a hell hound
    88 | D        | Reached * piety under Dithmenos
    88 | D        | Reached skill level 13 in Stealth
    88 | D        | Reached skill level 5 in Spellcasting
    88 | D        | Reached XP level 5. HP: 26/26 MP: 7/13
   140 | D        | Learned a level 3 spell: Confuse
   144 | D        | Learned a level 3 spell: Tukima's Dance
   148 | D        | Learned a level 3 spell: Dazzling Spray
   151 | D        | Entered arena 3.
   151 | D        | Noticed an eye of draining
   151 | D        | Found a transporter.
   156 | D        | Killed an eye of draining
   156 | D        | Reached skill level 5 in Hexes
   156 | D        | Reached XP level 6. HP: 30/30 MP: 13/15
   157 | D        | Reached ** piety under Dithmenos
   158 | D        | Reached skill level 5 in Short Blades
   180 | D        | Entered arena 4.
   180 | D        | Noticed an insubstantial wisp
   180 | D        | Noticed an air elemental
   180 | D        | Noticed an insubstantial wisp
   180 | D        | Noticed an insubstantial wisp
   180 | D        | Found a transporter.
   188 | D        | HP: 1/31 [air elemental (7)]
   188 | D        | Killed from afar by an insubstantial wisp

Vault maps used:
D:        sprint_v

Skill      XL: |  1  2  3  4  5  6 |
---------------+-------------------+-----
Stealth        | 12 13 | 13.7
Fighting       | 1 2 |  2.3
Short Blades   | 3 4 5 |  5.0
Armour         | 1 2 |  2.1
Dodging        | 4 6 7 |  7.2
Shields        | 1 2 |  2.1
Spellcasting   | 4 5 6 |  6.1
Hexes          | 4 5 |  5.2
Invocations    | 1 2 |  2.9
Evocations     | 2 3 |  3.7

Action                   |  1- 3 |  4- 6 || total
-------------------------+-------+-------++-------
Melee: Dagger            |     1 |     4 ||     5
 Cast: Dazzling Spray    |       |     1 ||     1
Invok: Shadow Step       |       |     1 ||     1
  Use: Potion            |     1 |     1 ||     2
 Stab: Sleeping          |     1 |     4 ||     5
Dodge: Dodged            |       |     9 ||     9
Block: Buckler           |       |     6 ||     6
